 Dungeon Crawl Stone Soup version 0.23-a0-550-g7de1f8e (webtiles) character file.

209 Geeful the Sneak (level 5, -2/31 HPs)
             Began as an Octopode Earth Elementalist on Dec 9, 2018.
             Slain by an orc
             ... wielding a +0 flail
              (7 damage)
             ... on level 3 of the Dungeon.
             The game lasted 00:08:01 (3572 turns).

Geeful the Sneak (Octopode Earth Elementalist)      Turns: 3572, Time: 00:08:02

Health: -2/31      AC:  1    Str:  8    XL:     5   Next: 87%
Magic:  9/9        EV: 14    Int: 18    God:
Gold:   149        SH:  0    Dex: 12    Spells: 4/10 levels left

rFire    . . .     SeeInvis .   e - +0 short sword (vamp)
rCold    . . .     Gourm    .   (no shield)
rNeg     . . .     Faith    .   (helmet restricted)
rPois    .         Spirit   .   k - amulet of magic regeneration
rElec    .         Reflect  .   (no ring)
rCorr    .         Harm     .   (no ring)
MR       .....                  (no ring)
Stlth    ++++......             (no ring)
HPRegen  0.10/turn              (no ring)
MPRegen  0.36/turn              (no ring)
                                (no ring)
                                (no ring)

@: no status effects
A: almost no armour, stealthy swim, amphibious, 8 rings, constrict 8, camouflage
1, gelatinous body 1
a: no special abilities


You were on level 3 of the Dungeon.
You were very hungry.

You visited 1 branch of the dungeon, and saw 3 of its levels.

You collected 149 gold pieces.

Inventory:

Hand Weapons
 e - a +0 vampiric short sword (weapon)
 m - a +1 dagger of protection
Missiles
 b - 35 stones (quivered)
Jewellery
 j - an uncursed ring of fire
 k - an amulet of magic regeneration (around mantle)
Wands
 h - a wand of enslavement (8)
Scrolls
 l - a scroll of immolation {unknown}
Potions
 a - a potion of haste {unknown}
 d - 2 potions of agility {unknown}
 f - a potion of mutation {unknown}
 g - 3 potions of might {unknown}
 i - a potion of curing {unknown}
Comestibles
 c - 6 rations


   Skills:
 + Level 3.3 Dodging
 + Level 4.6 Stealth
 + Level 3.2 Spellcasting
 - Level 1.0 Transmutations
 + Level 4.0 Earth Magic


You had 4 spell levels left.
You knew the following spells:

 Your Spells              Type           Power        Failure   Level  Hunger
a - Sandblast             Erth           ###...       3%          1    None
b - Passwall              Tmut/Erth      ##......     9%          2    ##.....
c - Stone Arrow           Conj/Erth      ##....       21%         3    ###....

Your spell library contained the following spells:

 Spells                   Type           Power        Failure   Level  Hunger
 Petrify                  Tmut/Erth      ##......     50%         4    ####...
 Lee's Rapid Deconstruct  Erth           ###.......   63%         5    ######.


Dungeon Overview and Level Annotations

Branches:
Dungeon (3/15)

Altars:
Fedhas
Kikubaaqudgha
Vehumet
Xom


Innate Abilities, Weirdness & Mutations

You cannot wear most types of armour.
You are very stealthy in the water. (Stealth+)
You are amphibious.
You can wear up to eight rings at the same time.
You can use your tentacles to constrict eight enemies at once.
Your skin changes colour to match your surroundings (Stealth+).
Your rubbery body absorbs attacks. (AC +1, EV +1)


Message History

You hit the orc but do no damage. Your grab misses the orc.
The frilled lizard barely misses you. The orc barely misses you.
The orc closely misses you.
You hit the orc.
You feel better.
Your grab misses the orc.
The orc is severely wounded.
The frilled lizard closely misses you. The orc barely misses you.
The frilled lizard barely misses you.
You hit the orc but do no damage. Your grab misses the orc.
The orc is severely wounded.
The orc misses you. The orc hits you with a +0 flail.
* * * LOW HITPOINT WARNING * * *
The frilled lizard bites you.
* * * LOW HITPOINT WARNING * * *
You hit the orc but do no damage. You grab the orc.
The orc is severely wounded.
You constrict the orc. The orc hits you.
* * * LOW HITPOINT WARNING * * *
The orc barely misses you. The frilled lizard closely misses you.
The orc hits you with a +0 flail!
You die...

#########
#.......######
#.......##...
.#.......##.###
#........[....#
##....loo##.#.#.#
#.....)@o##..)..#
.#.....(.##.###.#
#########.## #
#.# .# #.## #.#
##.###.# ####...#
#......# #.##.#.#


You could see 3 orcs and a frilled lizard.

Vanquished Creatures
  2 orc priests (D:3)
  An orc wizard (D:3)
  4 adders
  2 oozes
  3 worms (D:2)
  A dart slug (D:1)
  6 leopard geckos
  8 orcs (D:3)
  4 giant cockroaches
  8 goblins
  4 hobgoblins
  3 bats
  2 frilled lizards
  8 kobolds
  5 rats
61 creatures vanquished.

Notes
Turn   | Place    | Note
-------+----------+-------------------------------------------
     0 | D:1      | Geeful the Octopode Earth Elementalist began the quest for
                  | the Orb.
     0 | D:1      | Reached XP level 1. HP: 11/11 MP: 3/3
   388 | D:1      | Reached XP level 2. HP: 17/17 MP: 3/5
   646 | D:1      | Reached XP level 3. HP: 21/21 MP: 6/6
  1424 | D:2      | Found a radiant altar of Vehumet.
  1624 | D:2      | Reached XP level 4. HP: 27/27 MP: 7/7
  1670 | D:2      | Found a blossoming altar of Fedhas.
  1670 | D:2      | Found a shimmering altar of Xom.
  1685 | D:2      | Found an ancient bone altar of Kikubaaqudgha.
  1864 | D:2      | Learned a level 2 spell: Passwall
  1868 | D:2      | Learned a level 3 spell: Stone Arrow
  2650 | D:3      | Reached XP level 5. HP: 18/31 MP: 5/9
  3572 | D:3      | Slain by an orc

Vault maps used:
D:1:      giann_horns
D:2:      grunt_temple_overflow_open, vehumet_crystals
D:3:      first_ration

Skill      XL: |  1  2  3  4  5 |
---------------+----------------+-----
Stealth        | 3 4 |  4.6
Dodging        | 3 |  3.3
Spellcasting   | 3 |  3.2
Earth Magic    | 4 |  4.0
Transmutations | |  1.0

Action                   |  1- 3 |  4- 6 || total
-------------------------+-------+-------++-------
Melee: Unarmed           |    16 |       ||    16
       Constrict         |    22 |    17 ||    39
       Short sword       |    63 |    65 ||   128
       Tentacles         |     5 |     7 ||    12
 Cast: Sandblast         |    11 |    19 ||    30
  Use: Scroll            |     3 |     4 ||     7
 Stab: Sleeping          |     7 |    10 ||    17
  Eat: Ration            |     1 |       ||     1
       Chunk             |     3 |     5 ||     8
Armor: Skin              |     6 |     3 ||     9
Dodge: Dodged            |    44 |    49 ||    93

Table legend:
 A = Non-vault XP
 B = Vault XP
 C = Vault XP percentage of total XP
 D = Non-vault monster count
 E = Vault monster count
 F = Vault count percentage of total count
                 A         B        C        D         E       F
            +---------+---------+-------+---------+---------+-------
      Total |     299 |       0 |   0.0 |      61 |       0 |   0.0
            +---------+---------+-------+---------+---------+-------
        D:1 |      49 |       0 |   0.0 |      24 |       0 |   0.0
        D:2 |      76 |       0 |   0.0 |      18 |       0 |   0.0
        D:3 |     174 |       0 |   0.0 |      19 |       0 |   0.0
            +---------+---------+-------+---------+---------+-------
